[Event "Titled Tuesday Blitz June 21 Early 2022"]
[White "Li, Zhuoling"]
[Black "Silvestre, Christian"]
[WhiteFideId "8605629"]
[BlackFideId "30956269"]
[WhiteElo "2308"]
[BlackElo "2418"]
[Result "1-0"]
[Round "10"]
[TimeControl "180+1"]
[Date "2022.06.22"]
[WhiteClock "0:00:18"]
[BlackClock "0:00:02"]

1. e4 c5 2. Nf3 d6 3. d4 cxd4 4. Nxd4 Nf6 5. Nc3 g6 6. Be3 Bg7 7. f3 O-O 8. Qd2 Nc6 9. Bc4 Bd7 10. Bb3 Na5 11. g4 Rc8 12. O-O-O a6 13. h4 Nc4 14. Bxc4 Rxc4 15. Kb1 b5 16. h5 b4 17. Nce2 Qb8 18. Bh6 Bh8 19. Bxf8 Qxf8 20. hxg6 fxg6 21. Qe3 Bg7 22. Ng3 a5 23. g5 Ne8 24. Nge2 a4 25. Qf2 e5 26. b3 Rc8 27. Qh2 exd4 28. Nf4 h5 29. gxh6 Be5 30. h7+ Kf7 31. Qg3 Nf6 32. Qxg6+ Ke7 33. h8=Q Qxh8 34. Rxh8 Rxh8 35. Qg7+ Kd8 36. Qxh8+ Kc7 37. Qh4 Ne8 38. Nd5+ Kc6 39. f4 Bf6 40. Nxb4+ Kb5 41. Qe1 a3 42. Nd3 Bg4 43. Qb4+ Kc6 44. Rg1 1-0


[Site "https://www.chess.com"]

[Event "Titled Tuesday Blitz June 21 Early 2022"]
[White "Mahdavi, Reza"]
[Black "Molina, Roberto Junio Brito"]
[WhiteFideId "12595926"]
[BlackFideId "2109450"]
[WhiteElo "2265"]
[BlackElo "2432"]
[Result "1/2-1/2"]
[Round "10"]
[TimeControl "180+1"]
[Date "2022.06.21"]
[WhiteClock "0:01:23"]
[BlackClock "0:01:00"]

1. e4 c6 2. d4 d5 3. e5 Bf5 4. Nf3 e6 5. Be2 Nd7 6. O-O h6 7. a4 Ne7 8. a5 a6 9. Nbd2 Bh7 10. c4 dxc4 11. Nxc4 Nd5 12. Qb3 Rb8 13. Bd3 Bxd3 14. Qxd3 Be7 15. Nfd2 O-O 16. Ne4 c5 17. Qg3 Kh8 18. Be3 cxd4 19. Bxd4 Rc8 20. Ncd6 Bxd6 21. Nxd6 Rc7 22. Qf3 Kg8 23. g3 Qg5 24. h4 Qg6 25. Rac1 Rxc1 26. Rxc1 Rb8 27. h5 Qg5 28. Qxf7+ Kh8 29. Rd1 Nxe5 30. Qxe6 Nf3+ 31. Kg2 Nf4+ 32. Kxf3 Nxe6 33. Nf7+ Kg8 34. Nxg5 Nxg5+ 35. Kg4 Rd8 36. Kf4 Rd5 37. Ke3 Ne6 38. Rd2 Rxa5 39. g4 Nxd4 40. Rxd4 Rb5 41. b4 a5 42. bxa5 Rxa5 43. Rd8+ Kh7 44. Rd7 Ra4 45. f4 b5 46. Rb7 Rb4 47. g5 hxg5 48. fxg5 Rg4 49. Rxb5 Rh4 50. Kf3 Rxh5 51. Kg4 Rh1 52. Rb6 Rg1+ 53. Kh5 Rh1+ 54. Kg4 Rg1+ 55. Kh5 Rh1+ 56. Kg4 1/2-1/2


[Site "https://www.chess.com"]

[Event "Titled Tuesday Blitz June 21 Early 2022"]
[White "Maiorov, Nikita"]
[Black "Slugin, Sergey"]
[WhiteFideId "13501720"]
[BlackFideId "4122569"]
[WhiteElo "2417"]
[BlackElo "2358"]
[Result "1-0"]
[Round "10"]
[TimeControl "180+1"]
[Date "2022.06.21"]
[WhiteClock "0:01:06"]
[BlackClock "0:00:34"]

1. d4 Nf6 2. c4 g6 3. Nc3 d5 4. cxd5 Nxd5 5. e4 Nxc3 6. bxc3 Bg7 7. Bc4 c5 8. Ne2 Nc6 9. Be3 O-O 10. O-O b6 11. Rc1 Bb7 12. Bb5 e6 13. Qd2 Na5 14. f3 cxd4 15. cxd4 a6 16. Bd3 Qd7 17. h4 Nc6 18. Bb1 Rfd8 19. Rfd1 Rac8 20. h5 Na5 21. Bg5 Re8 22. Rxc8 Rxc8 23. h6 Bf8 24. Bd3 Nc4 25. Bxc4 Rxc4 26. Bf6 b5 27. Ng3 Qc7 28. Qg5 b4 29. Nh5 Rc2 30. Be5 Qc4 31. Nf6+ Kh8 32. Ng4+ Kg8 33. Qf6 Rxg2+ 34. Kxg2 1-0


[Site "https://www.chess.com"]

[Event "Titled Tuesday Blitz June 21 Early 2022"]
[White "Malyi, Viacheslav"]
[Black "Deviprasath, Sharvesh"]
[WhiteFideId "14123983"]
[BlackFideId "30938228"]
[WhiteElo "2270"]
[BlackElo "2102"]
[Result "1-0"]
[Round "10"]
[TimeControl "180+1"]
[Date "2022.06.22"]
[WhiteClock "0:02:05"]
[BlackClock "0:02:04"]

1. e4 c5 2. Nf3 d6 3. d4 cxd4 4. Qxd4 Nf6 5. Bg5 Nc6 6. Bb5 Bd7 7. Bxc6 Bxc6 8. Nc3 e6 9. O-O-O Be7 10. Qd3 Qa5 11. Kb1 Qa6 12. Qxa6 bxa6 13. Rhe1 O-O 14. Nd4 Bb7 15. Nb3 Rac8 16. f3 h6 17. Be3 d5 18. Bxa7 a5 19. e5 Nd7 20. Nxa5 Ba6 21. Nb3 Nxe5 22. Rxe5 1-0


[Site "https://www.chess.com"]

[Event "Titled Tuesday Blitz June 21 Early 2022"]
[White "Mangialardo, Tiago Carvalho"]
[Black "Jakubowska, Anna"]
[WhiteFideId "2130718"]
[BlackFideId "1121952"]
[WhiteElo "2103"]
[BlackElo "1878"]
[Result "0-1"]
[Round "10"]
[TimeControl "180+1"]
[Date "2022.06.22"]
[WhiteClock "0:00:02"]
[BlackClock "0:01:30"]

1. e4 Nf6 2. Nc3 d5 3. exd5 Nxd5 4. Nxd5 Qxd5 5. d4 Nc6 6. Nf3 Bg4 7. c3 O-O-O 8. Qb3 Bxf3 9. gxf3 Qxf3 10. Rg1 e5 11. Rg3 Qe4+ 12. Re3 Qh1 13. dxe5 Bc5 14. Re2 Rhe8 15. f4 g5 16. Qxf7 gxf4 17. Qxf4 Kb8 18. Qg3 Nxe5 19. Rxe5 Bd6 20. Bf4 Bxe5 21. Bxe5 Qe4+ 22. Kf2 Rxe5 23. Re1 Qxe1+ 24. Kg2 Qxg3+ 0-1


[Site "https://www.chess.com"]

[Event "Titled Tuesday Blitz June 21 Early 2022"]
[White "Martin, Lewis"]
[Black "Pham, Le Thao Nguyen"]
[WhiteFideId "410551"]
[BlackFideId "12401226"]
[WhiteElo "2145"]
[BlackElo "2282"]
[Result "0-1"]
[Round "10"]
[TimeControl "180+1"]
[Date "2022.06.22"]
[WhiteClock "0:00:27"]
[BlackClock "0:00:23"]

1. e4 c6 2. d4 d5 3. Nc3 dxe4 4. Nxe4 Nf6 5. Nxf6+ exf6 6. c3 Qe7+ 7. Be2 Be6 8. Nf3 Qc7 9. O-O Bd6 10. h3 O-O 11. Bd3 Re8 12. Qc2 h6 13. Bd2 Nd7 14. Rfe1 Nf8 15. Nh4 Rad8 16. Nf5 Bh2+ 17. Kh1 Bf4 18. Bxf4 Qxf4 19. Ng3 g6 20. Re3 Qc7 21. Rae1 f5 22. R3e2 Qd7 23. Nf1 f4 24. Nd2 Bxh3 25. gxh3 Qxh3+ 26. Kg1 Qg4+ 27. Kf1 Qh3+ 28. Kg1 Rxe2 29. Rxe2 f3 30. Nxf3 Qxf3 31. Re3 Qf4 32. Qe2 Rd5 33. Rg3 Rg5 34. Rxg5 Qxg5+ 35. Kf1 Ne6 36. Be4 Qc1+ 37. Qe1 Qxb2 38. Bxg6 Qb5+ 39. c4 Qxc4+ 0-1


[Site "https://www.chess.com"]

[Event "Titled Tuesday Blitz June 21 Early 2022"]
[White "Migot, Tangi"]
[Black "Begunov, Konstantin"]
[WhiteFideId "662445"]
[BlackFideId "4118510"]
[WhiteElo "2500"]
[BlackElo "2262"]
[Result "0-1"]
[Round "10"]
[TimeControl "180+1"]
[Date "2022.06.22"]
[WhiteClock "0:00:35"]
[BlackClock "0:00:35"]

1. d4 d5 2. c4 c6 3. Nc3 Nf6 4. e3 a6 5. cxd5 cxd5 6. Bd3 Nc6 7. a3 Bg4 8. Nge2 e6 9. O-O Bd6 10. Qb3 Na5 11. Qc2 Rc8 12. h3 Bh5 13. Nf4 Bg6 14. Nxg6 hxg6 15. Bd2 Nc4 16. Rfc1 Bb8 17. Bxc4 Rxc4 18. Qd3 Qc7 19. f4 O-O 20. b3 Rc6 21. Ne2 Ne4 22. Rxc6 Qxc6 23. Rc1 Qd7 24. Bb4 Rc8 25. Kf1 Rxc1+ 26. Nxc1 g5 27. Ne2 gxf4 28. exf4 g5 29. fxg5 Qc7 30. Qf3 Qc2 31. g4 Nxg5 32. Qc3 Qd1+ 33. Qe1 Qd3 34. Qg3 Bxg3 0-1


[Site "https://www.chess.com"]

[Event "Titled Tuesday Blitz June 21 Early 2022"]
[White "Mindlin, Alon"]
[Black "Oparin, Grigoriy"]
[WhiteFideId "2800071"]
[BlackFideId "24125890"]
[WhiteElo "2390"]
[BlackElo "2639"]
[Result "0-1"]
[Round "10"]
[TimeControl "180+1"]
[Date "2022.06.21"]
[WhiteClock "0:00:10"]
[BlackClock "0:00:42"]

1. d4 Nf6 2. c4 e6 3. Nc3 Bb4 4. e3 O-O 5. Bd3 c5 6. Nf3 Bxc3+ 7. bxc3 d6 8. O-O Nc6 9. e4 e5 10. d5 Ne7 11. Nh4 Ng6 12. Nf5 Nf4 13. Bc2 g6 14. Nh6+ Kg7 15. g3 Nh3+ 16. Kg2 Ng8 17. Nxg8 Rxg8 18. f4 exf4 19. gxf4 Qh4 20. Qf3 h5 21. e5 Qg4+ 22. Qxg4 hxg4 23. exd6 Bf5 24. Bxf5 gxf5 25. Re1 Rgd8 26. Re7 b6 27. a4 Rxd6 28. a5 Kf6 29. Re5 Ng5 30. axb6 Rxb6 31. Re2 Ne4 32. Be3 a5 33. Rea2 a4 34. Rb2 Rxb2+ 0-1


[Site "https://www.chess.com"]

[Event "Titled Tuesday Blitz June 21 Early 2022"]
[White "Mirzoev, Azer"]
[Black "Samsonkin, Artiom"]
[WhiteFideId "13400304"]
[BlackFideId "13503111"]
[WhiteElo "2525"]
[BlackElo "2513"]
[Result "1/2-1/2"]
[Round "10"]
[TimeControl "180+1"]
[Date "2022.06.21"]
[WhiteClock "0:00:09"]
[BlackClock "0:00:03"]

1. d4 Nf6 2. Bf4 b6 3. e3 Bb7 4. Nf3 g6 5. h3 Bg7 6. Bh2 O-O 7. Be2 d6 8. O-O Nbd7 9. c4 e6 10. Nc3 Qe7 11. Qc2 e5 12. Rfd1 Rfe8 13. Rac1 exd4 14. Nxd4 Nc5 15. Bf3 Nce4 16. Nxe4 Nxe4 17. b3 a6 18. Bf4 h6 19. Ne2 g5 20. Bh2 f5 21. Ng3 Rf8 22. b4 Rae8 23. Nxe4 Bxe4 24. Bxe4 Qxe4 25. Qxe4 Rxe4 26. c5 dxc5 27. bxc5 f4 28. cxb6 cxb6 29. exf4 gxf4 30. Kf1 f3 31. Rc6 fxg2+ 32. Kxg2 Re2 33. Bg3 Rf6 34. Rxf6 Bxf6 35. Rd6 Kf7 36. Rxb6 Rxa2 37. Rb7+ Kg6 38. Rb6 Kf5 39. Kf3 h5 40. h4 Ra3+ 41. Kg2 a5 42. Kh3 a4 43. Rb5+ Kg6 44. Kg2 Rb3 45. Ra5 a3 46. Ra6 Kf5 47. Ra5+ Kg6 48. Ra6 Kf7 49. Ra7+ Ke8 50. Bd6 Bxh4 51. Rxa3 Rb2 52. Bg3 Bxg3 53. Kxg3 Kf7 1/2-1/2


[Site "https://www.chess.com"]

[Event "Titled Tuesday Blitz June 21 Early 2022"]
[White "Mrudul Dehankar"]
[Black "Ciuffoletti, Paolo"]
[WhiteFideId "25096990"]
[BlackFideId "807630"]
[WhiteElo "1766"]
[BlackElo "2143"]
[Result "1-0"]
[Round "10"]
[TimeControl "180+1"]
[Date "2022.06.22"]
[WhiteClock "0:00:09"]
[BlackClock "0:00:01"]

1. e4 c5 2. Nf3 Nc6 3. d4 cxd4 4. Nxd4 Nf6 5. Nc3 e5 6. Ndb5 d6 7. Bg5 a6 8. Na3 b5 9. Nd5 Be7 10. Bxf6 Bxf6 11. c3 O-O 12. Nc2 Rb8 13. Nce3 a5 14. Qf3 Bg5 15. h4 Bh6 16. g4 Bxe3 17. Nxe3 b4 18. Bd3 bxc3 19. bxc3 Be6 20. Kf1 Ne7 21. h5 f6 22. Kg2 Qb6 23. Rhd1 Qc5 24. Qe2 d5 25. exd5 Bxd5+ 26. Nxd5 Nxd5 27. Bc4 Rfd8 28. Rxd5 Rxd5 29. Rd1 Rd8 30. Rxd5 Rxd5 31. Qe4 Qf8 32. Qxd5+ Kh8 33. Qd7 g6 34. h6 1-0


[Site "https://www.chess.com"]

[Event "Titled Tuesday Blitz June 21 Early 2022"]
[White "Nasir, Zehn"]
[Black "Marn, Jan"]
[WhiteFideId "2613239"]
[BlackFideId "14619245"]
[WhiteElo "1993"]
[BlackElo "2105"]
[Result "0-1"]
[Round "10"]
[TimeControl "180+1"]
[Date "2022.06.22"]
[WhiteClock "0:00:08"]
[BlackClock "0:00:26"]

1. d4 Nf6 2. Bf4 d5 3. e3 c5 4. c3 Nc6 5. Nd2 Bf5 6. Qb3 Qb6 7. dxc5 Qxb3 8. axb3 e5 9. Bg3 Bxc5 10. Bb5 Nd7 11. Ngf3 f6 12. O-O a6 13. Rfd1 Kf8 14. b4 Be7 15. Ba4 Nb6 16. Bb3 Kf7 17. e4 Be6 18. exd5 Nxd5 19. Ne4 Rhd8 20. b5 Nb8 21. bxa6 Nxa6 22. h3 Ndc7 23. Bxe6+ Nxe6 24. Nfd2 Nac5 25. Nxc5 Nxc5 26. Nc4 Rxa1 27. Rxa1 Ne4 28. Kf1 b5 29. Na3 Bxa3 30. Rxa3 Rd2 31. Ra7+ Ke6 32. Rxg7 Rxb2 33. Rxh7 Nxc3 34. Kg1 Ne2+ 35. Kh2 b4 36. Rb7 b3 37. Bh4 Nd4 38. Rb6+ Kd5 39. Bxf6 Rxf2 40. h4 b2 41. h5 Rxf6 42. Rxb2 Ke4 43. Kg3 Nf5+ 44. Kg4 Ne3+ 45. Kg5 Rf5+ 46. Kg6 Kf4 47. Rf2+ Kg4 48. Rxf5 Nxf5 49. h6 Nxh6 50. Kxh6 e4 51. Kg6 e3 0-1


[Site "https://www.chess.com"]

[Event "Titled Tuesday Blitz June 21 Early 2022"]
[White "Nunez V, Gustavo Eduardo"]
[Black "Kalaiyalahan, Akshaya"]
[WhiteFideId "4403690"]
[BlackFideId "422894"]
[WhiteElo "2228"]
[BlackElo "1913"]
[Result "0-1"]
[Round "10"]
[TimeControl "180+1"]
[Date "2022.06.22"]
[WhiteClock "0:00:30"]
[BlackClock "0:00:08"]

1. e4 e5 2. Nf3 d6 3. d4 exd4 4. Nxd4 Nf6 5. Nc3 g6 6. Bc4 Bg7 7. O-O O-O 8. f4 Re8 9. Re1 c6 10. h3 Nbd7 11. Nf3 Nc5 12. Ng5 Be6 13. Nxe6 fxe6 14. e5 Nd5 15. Bd2 dxe5 16. fxe5 Nd7 17. Bxd5 exd5 18. e6 Nf8 19. Qg4 Qf6 20. e7 Rxe7 21. Rxe7 Qxe7 22. Re1 Qc5+ 23. Kh1 Qf2 24. Re2 Qf7 25. h4 h5 26. Qg3 Qf1+ 27. Kh2 Bxc3 28. Rf2 Be5 29. Rxf1 Bxg3+ 30. Kxg3 Re8 31. Rf2 Re4 32. Bh6 Ne6 33. Kh3 d4 34. Rf6 Kh7 35. Bg5 Ng7 36. Rf7 c5 37. Bf6 Kg8 38. Rxg7+ Kf8 39. Rxb7 Re3+ 40. g3 Re2 41. c3 d3 42. Be7+ Rxe7 43. Rb8+ Re8 44. Rb7 Rd8 45. Rh7 d2 46. Rh8+ Ke7 47. Rh7+ Kf6 48. Rxa7 d1=Q 49. Ra6+ Rd6 50. Rxd6+ Qxd6 51. b4 Qe6+ 52. Kh2 c4 53. a4 Qe2+ 54. Kh3 Qd3 55. a5 Qxc3 56. a6 Qxb4 57. a7 Qa5 58. g4 Qa3+ 59. Kg2 hxg4 60. h5 gxh5 61. Kf2 Qxa7+ 62. Kg3 Qg1+ 63. Kh4 Qh2# 0-1


[Site "https://www.chess.com"]

[Event "Titled Tuesday Blitz June 21 Early 2022"]
[White "Ovchinnikov, Vsevolod"]
[Black "Prokofiev, Valentyn"]
[WhiteFideId "24176842"]
[BlackFideId "14160161"]
[WhiteElo "2376"]
[BlackElo "2142"]
[Result "1-0"]
[Round "10"]
[TimeControl "180+1"]
[Date "2022.06.22"]
[WhiteClock "0:00:11"]
[BlackClock "0:00:02"]

1. d4 Nf6 2. c4 c5 3. d5 g6 4. Nc3 Bg7 5. e4 d6 6. Nf3 O-O 7. Be2 e6 8. Nd2 Na6 9. O-O Nc7 10. a4 e5 11. g3 Nfe8 12. f4 f5 13. fxe5 Bxe5 14. Nf3 Bxc3 15. bxc3 fxe4 16. Ng5 Rxf1+ 17. Qxf1 Qe7 18. Qf4 Nf6 19. Be3 Bd7 20. Rf1 Rf8 21. Qh4 Bxa4 22. Nh3 Rf7 23. Bg5 Nce8 24. Ra1 b5 25. cxb5 Bb3 26. c4 Qe5 27. Rf1 Bxc4 28. Bxc4 Qd4+ 29. Kg2 Qxc4 30. Bxf6 Nxf6 31. Rxf6 Qxd5 32. Rxf7 Qxf7 33. Qd8+ Kg7 34. Nf4 Qa2+ 35. Kh3 Qf7 36. Qxd6 Qf5+ 37. Kg2 h5 38. Qe7+ Kh6 39. h4 c4 40. Qb4 c3 41. Qxc3 Kh7 42. Qc7+ Kh6 43. Qb8 Kh7 44. Qxa7+ Kh6 45. Qb8 Kh7 46. Qc7+ Kh6 47. Qd8 Kg7 48. Qd4+ Kh6 49. b6 Qf8 50. b7 e3 51. Qxe3 Qb4 52. Nd5+ 1-0


[Site "https://www.chess.com"]

[Event "Titled Tuesday Blitz June 21 Early 2022"]
[White "Papasimakopoulos, Alexandros"]
[Black "Buscar, Michael"]
[WhiteFideId "4244125"]
[BlackFideId "2603616"]
[WhiteElo "2340"]
[BlackElo "2010"]
[Result "1-0"]
[Round "10"]
[TimeControl "180+1"]
[Date "2022.06.21"]
[WhiteClock "0:01:32"]
[BlackClock "0:00:14"]

1. d4 d5 2. c4 e6 3. Nc3 Nf6 4. cxd5 Nxd5 5. e4 Nxc3 6. bxc3 c5 7. Rb1 cxd4 8. cxd4 Be7 9. Nf3 O-O 10. Bc4 b6 11. O-O Ba6 12. Bxa6 Nxa6 13. Qe2 Nc7 14. Bf4 Rc8 15. Rfd1 Qe8 16. Rdc1 Qd8 17. Ne5 Ne8 18. Nc6 Rxc6 19. Rxc6 Qxd4 20. Rd1 Qa4 21. Qc2 Qb4 22. Rc4 Qb5 23. Rc8 Bc5 24. h3 a5 25. a4 Qb4 26. Rdd8 Nf6 27. Rxf8+ Bxf8 28. Qd2 Qxd2 29. Bxd2 Nxe4 30. Be3 Nd6 31. Rc6 1-0


[Site "https://www.chess.com"]

[Event "Titled Tuesday Blitz June 21 Early 2022"]
[White "Papp, Levente"]
[Black "Avazkhonov, Alikhon"]
[WhiteFideId "751243"]
[BlackFideId "14208504"]
[WhiteElo "2308"]
[BlackElo "1739"]
[Result "1-0"]
[Round "10"]
[TimeControl "180+1"]
[Date "2022.06.22"]
[WhiteClock "0:00:20"]
[BlackClock "0:00:03"]

1. d4 d5 2. Nf3 c6 3. g3 Bg4 4. Bg2 Nf6 5. Ne5 Bf5 6. c4 e6 7. O-O Bd6 8. Nc3 O-O 9. Qb3 Qc7 10. Bf4 Bg6 11. Nxg6 hxg6 12. Bxd6 Qxd6 13. Qxb7 Nbd7 14. c5 Qb8 15. Qxc6 Qxb2 16. Rfc1 Rab8 17. Qa6 Rfc8 18. Bf1 e5 19. e3 exd4 20. exd4 Qd2 21. Qd3 Qh6 22. Rab1 Qh5 23. Rxb8 Nxb8 24. Re1 Nc6 25. Nb5 Rd8 26. Nd6 Ng4 27. h3 Nh6 28. Bg2 Nf5 29. g4 Qg5 30. gxf5 1-0


[Site "https://www.chess.com"]

[Event "Titled Tuesday Blitz June 21 Early 2022"]
[White "Perez Leiva, Jerzy Jesus"]
[Black "Arabidze, Meri"]
[WhiteFideId "3524337"]
[BlackFideId "13604040"]
[WhiteElo "2287"]
[BlackElo "2335"]
[Result "0-1"]
[Round "10"]
[TimeControl "180+1"]
[Date "2022.06.22"]
[WhiteClock "0:00:14"]
[BlackClock "0:00:17"]

1. e4 c5 2. Nf3 e6 3. d4 cxd4 4. Nxd4 Nc6 5. Nc3 a6 6. Nxc6 bxc6 7. Bd3 d5 8. Qe2 Nf6 9. e5 Nd7 10. O-O Be7 11. Re1 Bb7 12. Qg4 g6 13. Bh6 c5 14. Rad1 Qc7 15. Qg3 Bf8 16. Bf4 Bg7 17. h4 c4 18. Bf1 h6 19. Nxd5 Bxd5 20. Rxd5 exd5 21. e6 Qc6 22. exd7+ Kxd7 23. Qh3+ f5 24. h5 Rae8 25. Rd1 Re4 26. Be3 d4 27. hxg6 Ke6 28. Bc1 Kf6 29. f3 Re6 30. Qh5 Qd5 31. b3 d3 32. Bb2+ Ke7 33. Qh4+ Bf6 34. Bxf6+ Rxf6 35. Re1+ Qe6 36. Rxe6+ Kxe6 37. cxd3 cxb3 38. Qc4+ Ke7 39. Qc7+ Ke6 40. d4 Rxg6 41. Bc4+ Kf6 42. Qe5+ Kg5 43. Qxh8 b2 44. Qd8+ Kf4 45. Qd6+ Rxd6 0-1


[Site "https://www.chess.com"]

[Event "Titled Tuesday Blitz June 21 Early 2022"]
[White "Petrova, Irina"]
[Black "Dhanush, Bharadwaj"]
[WhiteFideId "14124122"]
[BlackFideId "25058746"]
[WhiteElo "1993"]
[BlackElo "2291"]
[Result "0-1"]
[Round "10"]
[TimeControl "180+1"]
[Date "2022.06.22"]
[WhiteClock "0:00:17"]
[BlackClock "0:00:31"]

1. e4 c6 2. d4 d5 3. e5 Bf5 4. h4 h5 5. c4 Bxb1 6. Rxb1 e6 7. Nf3 Bb4+ 8. Bd2 Qa5 9. Bxb4 Qxb4+ 10. Qd2 Qxd2+ 11. Nxd2 Ne7 12. Bd3 Nd7 13. O-O Rc8 14. c5 g6 15. b4 Nf5 16. Bxf5 gxf5 17. a4 Ke7 18. b5 b6 19. cxb6 axb6 20. bxc6 Rxc6 21. Rb2 Ra8 22. Ra1 Rc3 23. Kf1 f6 24. f4 fxe5 25. fxe5 Rd3 26. Nf3 Rc3 27. Ke2 Rc4 28. Kd3 Rcxa4 29. Rxa4 Rxa4 30. Rb3 Ra2 31. Nd2 Kd8 32. Rb1 Kc7 33. Rc1+ Kb7 34. Rf1 b5 35. Rb1 Kb6 36. Rc1 Nb8 37. Rc8 Nc6 38. Re8 Ra3+ 39. Kc2 Nxd4+ 40. Kb2 Rd3 41. Nf3 Nxf3 42. Rxe6+ Kc5 43. gxf3 Rxf3 44. Rh6 Re3 45. e6 Kd6 46. Rxh5 Kxe6 47. Rh6+ Ke5 48. Rb6 f4 49. Rxb5 f3 50. Rb8 Re4 51. Kc2 f2 52. Re8+ Kd4 53. Rf8 Ke3 54. Kd1 Rd4+ 55. Kc2 Rf4 56. Re8+ Kf3 0-1


[Site "https://www.chess.com"]

[Event "Titled Tuesday Blitz June 21 Early 2022"]
[White "Prieto Aranguren, Alain"]
[Black "Jakubowski, Krzysztof"]
[WhiteFideId "2268906"]
[BlackFideId "1112848"]
[WhiteElo "2224"]
[BlackElo "2365"]
[Result "0-1"]
[Round "10"]
[TimeControl "180+1"]
[Date "2022.06.22"]
[WhiteClock "0:00:02"]
[BlackClock "0:00:19"]

1. d4 g6 2. h4 h5 3. Nh3 d5 4. Ng5 c5 5. e3 f6 6. Nh3 e5 7. dxe5 fxe5 8. Ng5 Be7 9. e4 d4 10. Bc4 Nh6 11. Qf3 Rf8 12. Qb3 Nc6 13. Ne6 Bxe6 14. Bxe6 Ng4 15. Qxb7 Rf6 16. Qxc6+ Kf8 17. f3 Ne3 18. Bxe3 dxe3 19. Qd5 Qa5+ 20. Nc3 Rd8 21. Qxe5 Qb4 22. O-O Qd4 23. Qxd4 cxd4 24. Bc4 dxc3 25. bxc3 Rc6 26. Bd3 Bxh4 27. Rfb1 Rxc3 28. Kf1 Rd7 29. Ke2 Bf2 30. Rb8+ Kg7 31. Rab1 Rc5 32. R8b7 Rxb7 33. Rxb7+ Kh6 34. Rxa7 Rg5 35. Kf1 h4 36. Rd7 h3 37. g4 Ra5 38. f4 Rxa2 39. g5+ Kh5 40. Be2+ Kh4 41. Rd1 Kg3 42. f5 h2 43. Bf3 Kxf3 0-1


[Site "https://www.chess.com"]

[Event "Titled Tuesday Blitz June 21 Early 2022"]
[White "Rios Escobar, Adan"]
[Black "Clawitter, Craig"]
[WhiteFideId "3403645"]
[BlackFideId "2023105"]
[WhiteElo "2430"]
[BlackElo "2271"]
[Result "1-0"]
[Round "10"]
[TimeControl "180+1"]
[Date "2022.06.22"]
[WhiteClock "0:01:10"]
[BlackClock "0:00:06"]

1. d4 e6 2. Nf3 Nf6 3. c4 d5 4. g3 Be7 5. Bg2 O-O 6. O-O dxc4 7. Qc2 a6 8. a4 Bd7 9. Rd1 Bc6 10. Nc3 b5 11. axb5 axb5 12. Rxa8 Bxa8 13. Nxb5 Nc6 14. Qxc4 Qb8 15. Bf4 Nd5 16. Bxc7 Nxc7 17. Nxc7 Qxc7 18. Ne5 Rc8 19. Rc1 Bf6 20. Nxc6 Bxc6 21. Qxc6 Qxc6 22. Bxc6 Bxd4 23. b4 Kf8 24. b5 Ke7 25. Rd1 Rd8 26. Kg2 Bb6 27. Ra1 Kd6 28. Ra2 Kc7 29. e3 Rd1 30. h4 h6 31. Kf3 g5 32. h5 f5 33. Ra8 Rd8 34. Ra1 Rd2 35. Rc1 g4+ 36. Kf4 Rxf2+ 37. Ke5 Bxe3 38. Rc3 Re2 39. Bf3+ Bc5+ 40. Bxe2 1-0


[Site "https://www.chess.com"]

[Event "Titled Tuesday Blitz June 21 Early 2022"]
[White "Rodchenkov, Sergey D."]
[Black "Kucuksari, Kaan"]
[WhiteFideId "4168712"]
[BlackFideId "6380166"]
[WhiteElo "2293"]
[BlackElo "2305"]
[Result "0-1"]
[Round "10"]
[TimeControl "180+1"]
[Date "2022.06.22"]
[WhiteClock "0:00:06"]
[BlackClock "0:00:07"]

1. e4 c6 2. d4 d5 3. e5 c5 4. dxc5 Nc6 5. Nf3 Bg4 6. c3 e6 7. Be3 a6 8. Nbd2 Nge7 9. h3 Bxf3 10. Nxf3 Nf5 11. Bd4 Qa5 12. Qd2 Be7 13. a3 O-O 14. b4 Qc7 15. Bd3 Nfxd4 16. cxd4 f6 17. exf6 Bxf6 18. O-O Rf7 19. Rfe1 Raf8 20. Bc2 Kh8 21. Rxe6 Be7 22. Rae1 Rxf3 23. gxf3 Bf6 24. Re8 Qf7 25. Rxf8+ Qxf8 26. Bf5 Nxd4 27. Bg4 g6 28. f4 h5 29. Bd1 Bg7 30. Qe3 Kh7 31. f5 Qxf5 32. Kh1 Nc6 33. Rg1 Ne5 34. Qg3 d4 35. f4 Nc4 36. Be2 Ne3 37. Qg5 Qe4+ 38. Kh2 Bh6 39. Bf3 Qc2+ 40. Rg2 Bxg5 41. Rxc2 Bxf4+ 42. Kg1 Nxc2 43. Be2 Nxa3 44. Bd3 Nb5 45. c6 bxc6 46. Bc4 Bd6 47. Bd3 Nc7 48. Bb5 cxb5 0-1


[Site "https://www.chess.com"]

[Event "Titled Tuesday Blitz June 21 Early 2022"]
[White "Rosenberg, Evan S"]
[Black "Simonovic, Miroslav"]
[WhiteFideId "2019299"]
[BlackFideId "919152"]
[WhiteElo "2373"]
[BlackElo "2043"]
[Result "0-1"]
[Round "10"]
[TimeControl "180+1"]
[Date "2022.06.22"]
[WhiteClock "0:00:03"]
[BlackClock "0:00:18"]

1. e4 c5 2. Nc3 Nc6 3. f4 g6 4. Nf3 Bg7 5. a4 d6 6. Bb5 Bd7 7. d3 a6 8. Bxc6 Bxc6 9. O-O e6 10. Qe1 Ne7 11. f5 gxf5 12. Qg3 Rg8 13. Qh3 Bxc3 14. bxc3 fxe4 15. Ng5 Nf5 16. Nxe4 Qe7 17. Qxh7 O-O-O 18. Rxf5 exf5 19. Qxf5+ Qe6 20. Qxe6+ fxe6 21. Bf4 Bxe4 22. dxe4 d5 23. exd5 exd5 24. a5 Rge8 25. h4 Re4 26. Bg5 Rg8 27. Rf1 Rc4 28. Rf5 d4 29. cxd4 cxd4 30. Rf2 Rc5 31. Rd2 Rxa5 32. Rxd4 Raxg5 33. hxg5 Rxg5 34. Kf2 b5 35. Kf3 Kb7 36. g4 Kb6 37. Kf4 Rg8 38. g5 a5 39. Kf5 a4 40. g6 a3 41. Rd3 b4 42. Rb3 Ka5 43. Rb1 Ka4 44. Kf6 a2 45. Ra1 Ka3 46. Kf7 Rb8 47. g7 Kb2 48. Rxa2+ Kxa2 49. g8=Q Rxg8 50. Kxg8 Kb2 0-1


[Site "https://www.chess.com"]

[Event "Titled Tuesday Blitz June 21 Early 2022"]
[White "Sadykov, Ramil"]
[Black "Domingo Nunez, Ruben"]
[WhiteFideId "24113590"]
[BlackFideId "22245570"]
[WhiteElo "2226"]
[BlackElo "2376"]
[Result "1-0"]
[Round "10"]
[TimeControl "180+1"]
[Date "2022.06.22"]
[WhiteClock "0:00:15"]
[BlackClock "0:00:21"]

1. e4 Nc6 2. Nc3 d6 3. d4 g6 4. d5 Nb8 5. Be3 Bg7 6. Bd4 Nf6 7. Qd2 c5 8. Be3 Ng4 9. Bf4 h6 10. f3 g5 11. Bg3 Ne5 12. h4 g4 13. f4 Ng6 14. h5 Nf8 15. e5 Bf5 16. O-O-O Nfd7 17. exd6 exd6 18. Re1+ Kf8 19. Bd3 Bxd3 20. Qxd3 Na6 21. Nge2 Nb4 22. Qf5 Nf6 23. a3 Na6 24. Bh4 Qd7 25. Qxd7 Nxd7 26. Nb5 Nb6 27. Nec3 Bxc3 28. Nxc3 Kg7 29. Be7 Nc8 30. Nb5 Nb6 31. Nxd6 Nxd5 32. Nxb7 Rhc8 33. Bd6 Rc6 34. c4 Nb6 35. Be5+ f6 36. Na5 Re6 37. Bc3 Rae8 38. b3 Re3 39. Kc2 Re2+ 40. Kd1 R2e3 41. Kd2 R3e4 42. Kd3 R4e7 43. Rxe7+ Rxe7 44. Re1 Rd7+ 45. Kc2 Kf7 46. b4 cxb4 47. axb4 Rc7 48. Kb3 Rd7 49. Re3 Rd1 50. Nc6 Rb1+ 51. Kc2 Rg1 52. c5 Nd5 53. Re2 Nxf4 54. Re7+ Kf8 55. Rxa7 Rxg2+ 56. Kb3 Nxb4 57. Bxb4 Rg3+ 58. Kc4 Rh3 59. Nd4 Ke8 60. c6 Kd8 61. Rd7+ Kc8 62. Nb5 Rd3 63. Rxd3 Nxd3 64. Kxd3 g3 65. Be1 g2 66. Bf2 f5 67. Ke3 Kd8 68. Kf4 Kc8 69. Bg1 Kd8 70. Kxf5 Kc8 71. Kg6 Kd8 72. Kxh6 Kc8 73. Kg5 Kd8 74. Kg4 Ke7 75. Kg3 Ke6 76. Kxg2 Ke7 77. Kf3 Kd8 78. Ke4 Kc8 79. Kd5 Kd8 80. Kd6 Ke8 81. Bd4 Kf7 82. c7 Kg8 83. c8=Q+ Kh7 84. Qf5+ Kg8 85. Qg6+ Kf8 86. Qg7+ Ke8 87. Qg8# 1-0


[Site "https://www.chess.com"]